 Dungeon Crawl Stone Soup version 0.17-a0-1069-g92ad481 (webtiles) character file.

6085 Gorice the Slicer (level 11, -7/60 HPs)
             Began as a Kobold Wanderer on May 17, 2015.
             Was a Priest of Cheibriados.
             Mangled by a yak (11 damage)
             ... on level 8 of the Dungeon.
             The game lasted 01:06:21 (13900 turns).

Gorice the Slicer (Kobold Wanderer)                Turns: 13900, Time: 01:06:22

Health: -7/60      AC: 20    Str: 22    XL:     11   Next: 12%
Magic:  10/15      EV:  9    Int: 17    God:    Cheibriados [***...]
Gold:   414        SH:  6    Dex: 25    Spells: 0 memorised, 10 levels left

rFire  . . .     SeeInvis .     a - +0 rapier
rCold  . . .     Clarity  .     m - +6 plate armour {ponderous}
rNeg   . . .     SustAb   .     q - +0 buckler
rPois  .         Gourm    .     (no helmet)
rElec  .         Spirit   .     (no cloak)
rCorr  .         Warding  .     (no gloves)
rMut   .         Stasis   .     (no boots)
MR     +....                    (no amulet)
Stlth  ..........               y - ring of protection from magic
                                (no ring)

@: very slow, somewhat resistant to hostile enchantments, extremely unstealthy
A: carnivore 3
a: Bend Time, Temporal Distortion, Renounce Religion


You were on level 8 of the Dungeon.
You worshipped Cheibriados.
Cheibriados was most pleased with you.
You were very full.

You visited 2 branches of the dungeon, and saw 9 of its levels.

You collected 440 gold pieces.
You spent 26 gold pieces at shops.

Inventory:

Hand weapons
 a - a +0 rapier (weapon)
 b - a +0 blowgun
 f - a +0 falchion of flaming
   (You took it off a big kobold on level 8 of the Dungeon)
 s - a +0 falchion
 A - a +1 short sword
 B - a +0 dagger
Missiles
 h - 25 bolts of frost
 o - 3 curare-tipped needles
 x - 104 sling bullets
 D - 5 poisoned needles
 G - 63 bolts
 Y - 3 throwing nets
 Z - 247 stones (quivered)
Armour
 m - a +6 plate armour of ponderousness (worn)
   (You found it on level 1 of the Dungeon)
 q - a +0 buckler (worn)
 F - a +3 scale mail
 L - a +0 chain mail of cold resistance
   (You took it off an orc on level 7 of the Dungeon)
Jewellery
 w - an uncursed ring of teleportation
 y - a ring of protection from magic (right hand)
Magical devices
 e - a wand of confusion (21)
 j - a wand of polymorph (0)
 k - a wand of lightning (6)
 n - a wand of polymorph (6)
Scrolls
 c - a scroll of teleportation {!r}
 I - a scroll of blinking
 N - a scroll of enchant weapon
Potions
 i - 2 potions of cancellation {!q}
 l - 2 potions of mutation {!q}
 p - a potion of agility {unknown}
 r - a potion of might {unknown}
 u - a potion of invisibility {!q}
 v - 3 potions of brilliance {!q}
 C - a potion of haste {!q}
 H - a potion of ambrosia {unknown}
 J - a potion of magic {unknown}
 M - a potion of cure mutation {unknown}
Comestibles
 g - 4 meat rations {!e}
 t - 2 slices of pizza
 z - a royal jelly
 E - 2 beef jerkies


   Skills:
 - Level 3.2 Fighting
 - Level 12.1 Short Blades
 - Level 1.3 Throwing
 * Level 9.9 Armour
 - Level 1.2 Dodging
 - Level 2.6 Stealth
 - Level 2.0 Unarmed Combat
 + Level 5.4 Invocations
 - Level 1.2 Evocations


You had 10 spell levels left.
You didn't know any spells.

Dungeon Overview and Level Annotations

Branches:
Dungeon (8/15)             Temple (1/1) D:5            Lair (0/8) D:8

Altars:
Ashenzari
Cheibriados
Dithmenos
Elyvilon
Fedhas
Gozag
Kikubaaqudgha
Makhleb
Nemelex Xobeh
Okawaru
Qazlal
Ru
Sif Muna
Trog
Vehumet
Xom
Yredelemnul
Zin
The Shining One

Shops:
D:4 !


Innate Abilities, Weirdness & Mutations

You are small and have problems with some larger weapons.
You are carnivorous and can eat meat at any time.


Message History

The yak gores you but does no damage.
You puncture the yak!
The yak is almost dead.
You hit the yak.
The yak is almost dead.
The yak misses you.
You closely miss the yak.
The yak is almost dead.
The yak gores you.
* * * LOW HITPOINT WARNING * * *
Damage: 5 (max 9) Unknown command.
The yak gores you but does no damage.
Use which ability? (? or * to list)
The flow of time bends around you.
Cheibriados rebukes the yak.
The yak seems to slow down.
You feel slightly less full.
Use which ability? (? or * to list)
You can feel time thicken for a moment.
You can no longer inflict damage on those overly hasty.
Cheibriados reduces the support of your attributes as your movement quickens.
The yak is no longer moving slowly.
The yak gores you.
* * * LOW HITPOINT WARNING * * *
You block the yak's attack.
Damage: 2 (max 9)
The yak gores you but does no damage. You block the yak's attack.
The yak gores you.
* * * LOW HITPOINT WARNING * * *
Damage: 2 (max 9) Drink which item? (? for menu, Esc to quit)
You feel better. You block the yak's attack. You block the yak's attack.
The yak gores you but does no damage. You block the yak's attack.
The yak barely misses you. The yak gores you!
* * * LOW HITPOINT WARNING * * *
Damage: 11 (max 11) Unknown command.
You hit the yak.
The yak is almost dead.
The yak closely misses you. The yak gores you but does no damage.
The yak barely misses you. The yak gores you but does no damage.
You block the yak's attack. The yak closely misses you.
You block the yak's attack. The yak barely misses you. The yak gores you.
* * * LOW HITPOINT WARNING * * *
Damage: 1 (max 11)
You block the yak's attack. The yak gores you but does no damage.
The yak gores you but does no damage.
A kobold comes into view. It is wielding a club.
The yak gores you!
You die...

.#####.####.## #....(.#####..#..
...##.## #.# ##........##.....
......# #.### #...(###........
####..# #...####.#.(######.....
##.# ##........#...# #.#...
#.####..#.......#).## #.#####
##.......##..#......###.# #
##.####.....###.........# # #.##
##....@##..####..## #
.####..#####..#.Y#....####.## ##.
#........##....#YY.##..####.###..
##...###...##....K####..#.YY....#
#...# ##..####...# ##..###...##
##...## #..# ##..## #.###......
......# #.## ###...####.##.......
......###.# ##..##.....##........
##........###..## #.##...........


You could see 3 yaks and a kobold.

Vanquished Creatures
  A blink frog (D:6)
  7 yaks (D:8)
  A basilisk (D:8)
  2 hungry ghosts
  Menkaure (D:7)
  3 porcupines (D:8)
  Duvessa (D:4)
  A water moccasin (D:7)
  A black bear (D:8)
  A necrophage (D:6)
  An ice beast (D:6)
  An orc warrior (D:8)
  A boggart (D:6)
  2 sky beasts (D:6)
  4 centaurs
  3 giant frogs
  4 ogres
  2 crocodiles (D:8)
  3 big kobolds
  Dowan (D:4)
  3 scorpions
  A water moccasin skeleton (D:8)
  A jelly (D:8)
  4 wights
  A killer bee (D:7)
  9 hounds
  A giant frog zombie (D:5)
  4 giant frog skeletons
  3 crimson imps
  3 iguanas
  2 orc priests
  An iron imp (D:5)
  6 orc wizards
  9 worker ants
  2 sheep (D:8)
  A hound skeleton (D:5)
  A hound zombie (D:5)
  9 gnolls
  17 adders
  5 river rats
  5 shadow imps
  2 oozes
  An adder skeleton (D:8)
  5 worms
  4 giant geckos
  27 orcs
  2 ball pythons
  20 bats
  A bat skeleton (D:7)
  A bat zombie (D:5)
  2 giant cockroaches
  9 goblins
  18 hobgoblins
  10 jackals
  19 kobolds
  9 quokkas
  A giant cockroach zombie (D:5)
  2 giant gecko skeletons
  2 giant gecko zombies
  6 giant newts
  A jackal skeleton (D:5)
  23 rats
294 creatures vanquished.

Vanquished Creatures (others)
  A wight (D:7)
  A kobold (D:7)
2 creatures vanquished.

Grand Total: 296 creatures vanquished

Notes
Turn   | Place    | Note
--------------------------------------------------------------
     0 | D:1      | Gorice the Kobold Wanderer began the quest for the Orb.
     0 | D:1      | Gorice set off with: a scroll of fear {!r}, a potion of haste {!q}, a scroll of teleportation {!r}, a potion of curing, a +0 robe, a +0 dagger, a meat ration {!e}
     0 | D:1      | Reached XP level 1. HP: 14/14 MP: 1/1
   190 | D:1      | Reached skill level 1 in Short Blades
   636 | D:1      | Reached skill level 2 in Short Blades
   636 | D:1      | Reached XP level 2. HP: 17/19 MP: 2/2
   923 | D:1      | Reached skill level 3 in Short Blades
   990 | D:1      | Reached XP level 3. HP: 20/23 MP: 3/3
  1657 | D:2      | Found a shattered altar of Ashenzari.
  1686 | D:2      | Reached skill level 4 in Short Blades
  1837 | D:2      | HP: 1/23 [worm (7)]
  1930 | D:2      | Reached XP level 4. HP: 9/28 MP: 4/4
  2744 | D:2      | Reached skill level 5 in Short Blades
  3165 | D:3      | Reached skill level 1 in Armour
  3165 | D:3      | Reached XP level 5. HP: 11/32 MP: 5/5
  3376 | D:3      | Found a burning altar of Makhleb.
  3814 | D:3      | Reached skill level 6 in Short Blades
  3876 | D:3      | Reached XP level 6. HP: 17/37 MP: 6/6
  4124 | D:3      | Reached skill level 2 in Armour
  4634 | D:4      | Noticed Dowan
  4737 | D:5      | Entered Level 5 of the Dungeon
  4839 | D:5      | HP: 11/37 [giant frog (4)]
  4850 | D:4      | HP: 10/37 [giant frog (3)]
  4851 | D:4      | HP: 4/37 [giant frog (6)]
  4854 | D:4      | Reached skill level 7 in Short Blades
  5131 | D:4      | Reached XP level 7. HP: 28/41 MP: 7/7
  5329 | D:5      | You fall through a shaft for 2 floors!
  5362 | D:7      | Reached skill level 8 in Short Blades
  5362 | D:7      | Reached skill level 3 in Armour
  5484 | D:7      | Noticed a hungry ghost
  5538 | D:7      | Killed a hungry ghost
  5538 | D:7      | Reached skill level 9 in Short Blades
  5538 | D:7      | Reached XP level 8. HP: 29/46 MP: 8/8
  5561 | D:7      | Found a shadowy altar of Dithmenos.
  5835 | D:6      | Reached skill level 10 in Short Blades
  5851 | D:6      | Reached skill level 4 in Armour
  5866 | D:6      | HP: 5/46 [orc warrior/trident (18)]
  6675 | D:6      | Reached skill level 5 in Armour
  6694 | D:5      | Found a bloodstained altar of Trog.
  6694 | D:5      | Found a basalt altar of Yredelemnul.
  6694 | D:5      | Found an ancient bone altar of Kikubaaqudgha.
  6694 | D:5      | Found an opulent altar of Gozag.
  6697 | D:5      | Found a blossoming altar of Fedhas.
  6746 | D:5      | HP: 10/46 [something (13)]
  7039 | D:5      | Reached XP level 9. HP: 49/51 MP: 9/9
  7855 | D:4      | Noticed Duvessa
  7894 | D:4      | Killed Duvessa
  7910 | D:4      | Killed Dowan
  7910 | D:4      | Reached skill level 11 in Short Blades
  7910 | D:4      | Reached skill level 6 in Armour
  8051 | D:4      | Found a sacrificial altar of Ru.
  8200 | D:4      | Found Reagre's Distillery.
  8226 | D:4      | Bought a potion of poison for 13 gold pieces
  8226 | D:4      | Bought a potion of degeneration for 13 gold pieces
  8863 | D:5      | Found a snail-covered altar of Cheibriados.
  8901 | D:5      | Became a worshipper of Cheibriados the Contemplative
  8991 | D:5      | Found a staircase to the Ecumenical Temple.
  9145 | Temple   | Entered the Ecumenical Temple
  9379 | D:6      | HP: 10/51 [orc priest/divine providence (9)]
  9384 | D:6      | HP: 9/51 [blink frog (7)]
  9459 | D:6      | HP: 15/51 [orc/dagger (1)]
 10073 | D:7      | Noticed Menkaure
 10094 | D:7      | Killed Menkaure
 10094 | D:7      | Reached skill level 7 in Armour
 10115 | D:7      | Acquired Cheibriados's first power
 10143 | D:7      | HP: 15/51 [orc wizard/dagger (2)]
 10187 | D:6      | HP: 12/51 [something (6)]
 10205 | D:6      | HP: 14/51 [sky beast (1)]
 10748 | D:7      | Reached XP level 10. HP: 28/56 MP: 10/10
 10763 | D:7      | HP: 16/56 [poisoned by a killer bee]
 10768 | D:7      | HP: 15/56 [poisoned by a killer bee]
 10775 | D:7      | HP: 15/56 [poisoned by a killer bee]
 10783 | D:7      | HP: 15/56 [poisoned by a killer bee]
 10791 | D:7      | HP: 15/56 [poisoned by a killer bee]
 10797 | D:7      | HP: 13/56 [wight/enchanted long sword (2)]
 10806 | D:6      | Reached skill level 12 in Short Blades
 11087 | D:7      | Found a shimmering altar of Xom.
 11365 | D:7      | Reached skill level 1 in Invocations
 11402 | D:7      | Found a radiant altar of Vehumet.
 11414 | D:7      | Reached skill level 8 in Armour
 12058 | D:6      | Reached skill level 2 in Invocations
 12362 | D:8      | Acquired Cheibriados's second power
 12362 | D:8      | Reached skill level 3 in Invocations
 12365 | D:8      | HP: 16/56 [yak (7)]
 12378 | D:8      | HP: 12/56 [yak (7)]
 12379 | D:8      | HP: 3/56 [basilisk (7)]
 12538 | D:8      | HP: 12/56 [crocodile (8)]
 12935 | D:8      | Reached skill level 9 in Armour
 12944 | D:8      | Found a staircase to the Lair.
 13058 | D:8      | Reached skill level 4 in Invocations
 13386 | D:8      | Reached XP level 11. HP: 36/60 MP: 14/14
 13566 | D:8      | Acquired Cheibriados's third power
 13608 | D:8      | Reached skill level 5 in Invocations
 13871 | D:8      | HP: 16/60 [yak (5)]
 13878 | D:8      | HP: 11/60 [yak (5)]
 13884 | D:8      | HP: 7/60 [yak (5)]
 13890 | D:8      | HP: 7/60 [yak (2)]
 13893 | D:8      | HP: 3/60 [yak (11)]
 13900 | D:8      | Mangled by a yak

Vault maps used:
D:1:      dpeg_arrival_circle_labyrinth_a
D:2:      ashenzari_conservatory_becter
D:3:      kennysheep_big_flooded_room, makhleb_heckhound_becter
D:4:      overflow_temple_1_default, serial_shops, nicolae_shop_trees,
          first_bread, uniq_duvessa
D:5:      minmay_opposing_rooms, slow_altar_2, nicolae_overflow_hidden_temple,
          minmay_temple_entry_poolview, gup_sewer_entry_glass, moated_statue
D:7:      grunt_dithmenos_smoke_and_mirrors, lemuel_doored_altar,
          xom_confusion_cloud, uniq_menkaure
D:8:      minmay_lair_entry_grove, hangedman_ranch
Temple:   temple_island_7

Action                   |  1- 3 |  4- 6 |  7- 9 | 10-12 || total
-------------------------+-------+-------+-------+-------++-------
Melee: Dagger            |   251 |   129 |   449 |       ||   829
       Short sword       |       |   327 |   412 |       ||   739
       Rapier            |       |       |   138 |   570 ||   708
       Falchion          |       |       |       |     5 ||     5
 Fire: Blowgun           |       |       |    21 |     4 ||    25
Throw: Stone             |    50 |    65 |    87 |     8 ||   210
Invok: Bend Time         |       |       |       |     4 ||     4
       Slouch            |       |       |       |     1 ||     1
Evoke: Wand              |       |       |     9 |     1 ||    10
  Use: Scroll            |       |     9 |     4 |     5 ||    18
       Potion            |       |     1 |     4 |     2 ||     7
 Stab: Sleeping          |     1 |       |       |       ||     1
  Eat: Chunk             |    12 |    11 |    24 |     6 ||    53

Table legend:
 A = Turns spent in this place as a percentage of turns spent in the entire game.
 B = Non-inter-level travel turns spent in this place as a percentage of non-inter-level travel turns spent in the entire game.
 C = Inter-level travel turns spent in this place as a percentage of turns spent in this place.
 D = Turns resting spent in this place as a percentage of non-inter-level travel turns spent in this place.
 E = Turns spent auto-exploring this place as a percentage of non-inter-level travel turns spent in this place.
 F = Non-inter-level travel turns spent in this place divided by the number of levels of this place that you've seen.
                   A       B       C       D       E      F
               +-------+-------+-------+-------+-------+----------------------
         Total | 100.0 | 100.0 |   0.5 |   2.1 |   3.7 | 624.0
       Dungeon |  99.8 |  99.8 |   0.4 |   2.1 |   3.7 | 700.5
        Temple |   0.2 |   0.2 |   7.7 |   0.0 |   8.3 |  12.0
               +-------+-------+-------+-------+-------+----------------------

Vault maps used:
D:1:      dpeg_arrival_circle_labyrinth_a
D:2:      ashenzari_conservatory_becter
D:3:      kennysheep_big_flooded_room, makhleb_heckhound_becter
D:4:      overflow_temple_1_default, serial_shops, nicolae_shop_trees,
          first_bread, uniq_duvessa
D:5:      minmay_opposing_rooms, slow_altar_2, nicolae_overflow_hidden_temple,
          minmay_temple_entry_poolview, gup_sewer_entry_glass, moated_statue
D:7:      grunt_dithmenos_smoke_and_mirrors, lemuel_doored_altar,
          xom_confusion_cloud, uniq_menkaure
D:8:      minmay_lair_entry_grove, hangedman_ranch
Temple:   temple_island_7
